 Dungeon Crawl Stone Soup version 0.27-a0-1196-g3e9cee4cb2 (webtiles) character file.

Game seed: 17007496217344871123

260301 Shayle the Lord of Darkness (level 19, 0/121 HPs)
             Began as a Vampire Necromancer on May 29, 2021.
             Was the Champion of Kikubaaqudgha.
             Slain by a large slime creature (15 damage)
             ... on level 3 of the Abyss on May 30, 2021.
             The game lasted 04:31:40 (55183 turns).

Shayle the Lord of Darkness (Vampire Necromancer)  Turns: 55183, Time: 04:31:40

Health: 0/121      AC: 20    Str: 15 (17) XL:     19   Next: 17%
Magic:  18/29      EV: 22    Int: 21 (26) God:    Kikubaaqudgha [******]
Gold:   3717       SH:  8    Dex: 24      Spells: 7/45 levels left

rFire    + + .     SeeInvis +   W - +9 long sword "Bumuarph" {flame, rPois rF+ Dex+7}
rCold    + . .     Faith    .   i - +0 buckler
rNeg     . . .     Spirit   .   Y - +4 robe of Augmentation {Str+4 Int+4 Dex+4}
rPois    +         Reflect  .   d - +2 hat {SInv}
rElec    +         Harm     .   U - +2 cloak
rCorr    +         Rampage  .   e - +2 pair of gloves
Will     +....     Rnd*Rage +   f - +2 pair of boots Stlth +++.......Rnd*Tele +
                                y - amulet of regeneration
HPRegen  1.50/turn              v - ring "Jyda" {rPois Str+6}
MPRegen  0.21/turn              q - ring "Ypeafeho" {AC+4 Str+4 Dex+3}

@: resistant, unable to read, healing quickly, studying 2 skills
A: alive, fangs 3, see invisible, vampiric 2, deformed body, robust 1, [berserk
3], [clumsy 2], [deterioration 2], [dopey 2], [frail 3], [low mp 2], [screaming
2], [teleportitis 2], [weak 2], [no potion heal 2], [subdued magic 3],
[inability to read while threatened]
}: 2/15 runes: decaying, gossamer
a: Exsanguinate, Renounce Religion, Receive Corpses, Torment


You were on level 3 of the Abyss.
You worshipped Kikubaaqudgha.
Kikubaaqudgha was exalted by your worship.
You visited 7 branches of the dungeon, and saw 35 of its levels.
You visited the Abyss 2 times.
You also visited: Ossuary and Gauntlet.

You collected 4294 gold pieces.
You spent 577 gold pieces at shops.

Inventory:

Hand Weapons
 u - a +7 quick blade
 D - a +2 eveningstar of protection
 L - the +7 lajatang of Order {silver, rMut}
   (You took it off a deep elf death mage on level 3 of the Elven Halls)

   It protects you from mutation.
 O - the +0 flail "Masyin" {protect, rPois rF- rC+ Will++}
   (You found it on level 9 of the Dungeon)

   It grants its wielder temporary protection when it strikes (+7 to AC).
   It makes you vulnerable to fire.
   It protects you from cold.
   It protects you from poison.
   It greatly increases your willpower.
 W - the +9 long sword "Bumuarph" (weapon) {flame, rPois rF+ Dex+7}
   (You found it on level 11 of the Dungeon)

   It has been specially enchanted to burn those struck by it, causing extra
   injury to most foes and up to half again as much damage against particularly
   susceptible opponents.
   Big, fiery blades are also staple armaments of hydra-hunters.
   It affects your dexterity (+7).
   It protects you from fire.
   It protects you from poison.
Missiles
 b - 17 atropa-tipped darts
 P - 11 silver javelins
Armour
 d - a +2 hat of see invisible (worn)
 e - a +2 pair of gloves (worn)
 f - a +2 pair of boots (worn)
 i - a +0 buckler (worn)
 U - a +2 cloak (worn)
 Y - the +4 robe of Augmentation (worn) {Str+4 Int+4 Dex+4}
   (You found it on level 11 of the Dungeon)

   It affects your strength (+4).
   It affects your intelligence (+4).
   It affects your dexterity (+4).
Jewellery
 q - the ring "Ypeafeho" (right hand) {AC+4 Str+4 Dex+3}
   (You acquired it on level 4 of the Dungeon)

   [ring of protection]

   It affects your AC (+4).
   It affects your strength (+4).
   It affects your dexterity (+3).
 v - the ring "Jyda" (left hand) {rPois Str+6}
   (You acquired it on level 5 of the Dungeon)

   [ring of strength]

   It affects your strength (+6).
   It protects you from poison.
 y - an amulet of regeneration (around neck)
 C - a ring of wizardry
 G - a ring of fire
 M - the ring "Ceyppud" {Str-2 Int+6 Dex+5 Stlth+}
   (You took it off a minotaur in a Gauntlet)

   [ring of intelligence]

   It affects your strength (-2).
   It affects your intelligence (+6).
   It affects your dexterity (+5).
   It makes you more stealthy.
 T - the ring of Qamuuschy {Ice rElec Str+4}
   (You found it in a Gauntlet)

   [ring of ice]

   It enhances your ice magic.
   It affects your strength (+4).
   It makes you vulnerable to fire.
   It protects you from cold.
   It insulates you from electricity.
Wands
 c - a wand of digging (12)
 r - a wand of mindburst (5)
 B - a wand of acid (9)
 F - a wand of charming (8)
 H - a wand of paralysis (5)
 I - a wand of flame (47)
Scrolls
 a - 3 scrolls of fog
 g - 3 scrolls of enchant armour
 n - 2 scrolls of amnesia
 s - 3 scrolls of silence
 x - 6 scrolls of teleportation
 E - 4 scrolls of vulnerability
 K - 2 scrolls of torment
 N - 4 scrolls of magic mapping
 S - 6 scrolls of fear
 V - 20 scrolls of identify
Potions
 h - 2 potions of haste
 j - 5 potions of cancellation
 k - 4 potions of mutation
 l - 2 potions of flight
 m - 4 potions of berserk rage
 o - 5 potions of lignification
 p - 13 potions of ambrosia
 z - 4 potions of brilliance
 A - 2 potions of invisibility
 J - 2 potions of might
 R - a potion of resistance
 X - 10 potions of curing
Miscellaneous
 Q - a piece from Xom's chessboard (14/15)


   Skills:
 + Level 14.1 Fighting
 - Level 11.7 Dodging
 - Level 3.0 Stealth
 - Level 11.1 Shields
 - Level 13.6 Spellcasting
 + Level 16.8 Necromancy
 - Level 10.0 Ice Magic
 - Level 11.9 Earth Magic
 - Level 9.6 Evocations


You had 7 spell levels left.
You knew the following spells:

 Your Spells              Type           Power      Damage    Failure   Level
a - Pain                  Necr           100%       1d9       0%          1
b - Vampiric Draining     Necr           22%        2d9       0%          3
c - Agony                 Necr           44%        N/A       0%          5
d - Animate Dead          Necr           22%        N/A       0%          4
e - Borgnjor's Vile Clut  Necr/Erth      19%        N/A       1%          5
f - Death Channel         Necr           22%        N/A       1%          6
g - Simulacrum            Ice/Necr       18%        N/A       1%          6
h - Infestation           Necr           22%        N/A       17%         8

Your spell library contained the following spells:

 Spells                   Type           Power      Damage    Failure   Level
 Animate Skeleton         Necr           88%        N/A       0%          1
 Sandblast                Erth           66%        2d15      0%          1
 Dispel Undead            Necr           44%        3d17      0%          4
 Excruciating Wounds      Necr           22%        N/A       0%          5
 Foxfire                  Conj/Fire      28%        2x1d5     1%          1
 Corpse Rot               Necr/Air       N/A        N/A       1%          2
 Ensorcelled Hibernation  Hex/Ice        36%        N/A       1%          2
 Passwall                 Tmut/Erth      16%        N/A       1%          2
 Stone Arrow              Conj/Erth      40%        3d9       1%          3
 Animate Armour           Summ/Erth      40%        N/A       1%          4
 Petrify                  Tmut/Erth      20%        N/A       1%          4
 Lee's Rapid Deconstruct  Erth           16%        3d11*     1%          5
 Dazzling Flash           Conj/Hex       14%        N/A       8%          3
 Ignite Poison            Fire/Tmut/Pois 7%         N/A       8%          3
 Metabolic Englaciation   Hex/Ice        9%         N/A       9%          5
 Bolt of Magma            Conj/Fire/Erth 8%         4d6       14%         5
 Cause Fear               Hex            3%         N/A       28%         4
 Iron Shot                Conj/Erth      10%        9d3       38%         6
 Fireball                 Conj/Fire      3%         3d4       65%         5
 Iskenderun's Battlesphe  Conj           7%         2d6       65%         5
 Silence                  Hex/Air        3%         N/A       65%         5
 Summon Forest            Summ/Tloc      3%         N/A       65%         5
 Summon Mana Viper        Hex/Summ       7%         N/A       65%         5
 Eringya's Noxious Bog    Tmut/Pois      3%         N/A       99%         6
 Shadow Creatures         Summ           N/A        N/A       99%         6
 Starburst                Conj/Fire      3%         8x6d3     99%         6
 Dragon Form              Tmut           3%         N/A       100%        7
 Orb of Destruction       Conj           3%         9d1       100%        7
 Spellforged Servitor     Conj/Summ      3%         N/A       100%        7
 Summon Hydra             Summ           3%         N/A       100%        7
 Ignition                 Fire           3%         3d4       100%        8
 Dragon's Call            Summ           3%         N/A       100%        9
 Borgnjor's Revivificati  Necr           Unusable   N/A       N/A         8
 Death's Door             Necr           Unusable   N/A       N/A         9
 Necromutation            Tmut/Necr      Unusable   N/A       N/A         8

Dungeon Overview and Level Annotations

Branches:
Dungeon (15/15)            Temple (1/1) D:6            Lair (6/6) D:9
  Swamp (4/4) Lair:4       Spider (4/4) Lair:4        Slime (0/5) Lair:5
    Orc (2/2) D:11            Elf (3/3) Orc:2        Depths (0/5) D:15
Ossuary (visited)         Gauntlet (visited)
 Vaults: D:13-14

Altars:
Ashenzari
Cheibriados
Dithmenos
Elyvilon
Fedhas
Gozag
Hepliaklqana
Kikubaaqudgha
Makhleb
Nemelex Xobeh
Okawaru
Ru
Sif Muna
Trog
Uskayaw
Vehumet
Wu Jian
Xom
Yredelemnul
Zin
The Shining One
Beogh
Jiyva

Shops:
D:4 [   D:13 *   D:15 !   Orc:2 *:((   Elf:2 ?   Elf:3 (*

Annotations:
D:12 1 runed translucent door, robertstho's ghost, journeyman DjFE
D:13 Azrael; Jorgrun
Lair:5 1 runed translucent door
Swamp:1 2 transporters, Ateukk's ghost, adept MiGl
Elf:3 Bai Suzhen


Innate Abilities, Weirdness & Mutations

Your natural rate of healing is accelerated.
You have razor-sharp teeth.
You have supernaturally acute eyesight. (SInv)
You are afflicted with vampirism and can become a bat while bloodless.
Armour fits poorly on your strangely shaped body.
You are robust. (+10% HP)
[You have an uncontrollable temper.]
[You are very clumsy. (Dex -4)]
[Your body often deteriorates upon taking damage.]
[You are very dopey. (Int -4)]
[You are extremely frail. (-30% HP)]
[Your magical capacity is very low. (-20% MP)]
[You frequently scream uncontrollably at your foes.]
[You are sometimes teleported next to monsters.]
[You are very weak. (Str -4)]
[Potions cannot restore your health.]
[Your spells are much easier to cast, but much less powerful.]
[You sometimes lose the ability to read scrolls when taking damage.]


Message History

You slice the large abomination!! You burn the large abomination!
You destroy the large abomination!
Kikubaaqudgha accepts your kill.
An ancient zyme comes into view.
You feel yourself growing ill in the presence of the ancient zyme.
The wretched star pulses with an eldritch light!
You feel stupid. x2
The glowing orange brain pulsates.
You resist with almost no effort.
The large slime creature barely misses you.
The wretched star pulses with an eldritch light!
You feel frail.
Your system rejects the healing.
You feel better.
You feel less invigorated. The large abomination misses you.
The large slime creature hits you but does no damage.
Casting: Simulacrum (mildly dangerous; 1% risk of failure)
Confirm with . or Enter, or press ? or * to list all spells.
Aiming: Borgnjor's Vile Clutch (safe; 1% risk of failure)
Press: ? - help, Shift-Dir - straight line, f - chaos spawn
Aim: a chaos spawn (100% to hit)
Zombie hands grab the chaos spawn.
The zombie hands constrict the chaos spawn.
You hear a shout!
You block the large abomination's attack.
The large slime creature closely misses you.
The chaos spawn misses you.
You riposte.
You slash the chaos spawn! You burn the chaos spawn.
The chaos spawn is heavily wounded.
The large abomination barely misses you.
Unknown command.
You hit the chaos spawn. You burn the chaos spawn.
The chaos spawn is severely wounded.
You feel a little less mighty now.
The zombie hands constrict the chaos spawn!
You kill the chaos spawn!
Kikubaaqudgha accepts your kill.
The chaos spawn degenerates into a cloud of primal chaos!
The large slime creature hits you!
You die...
Kikubaaqudgha rasps: "You have failed me!
Welcome... death!"

. # #.. ##
.#. # .##
... ## .##.#
#.#..
##.#..#
###... #
#.##.###
##.. ..
#.#.*GX.#
...XXh #
.##XxJX## #
..#
X*..##..2#@#
# .°#
##X.X.. ##§#
.. ..§##. .
.# 2
....##.....
.... ####
#.. . .#...x
####...#
.#..
###...##..
###. #..


You could see a wretched star, a large slime creature, a glowing orange brain,
an ancient zyme, 3 large abominations and a small abomination.

Vanquished Creatures
  3 deep elf blademasters (Elf:3)
  2 deep elf master archers (Elf:3)
  2 deep elf sorcerers
  3 ghouls
  A ghost moth (Spider:4)
  2 deep elf elementalists (Elf:3)
  3 emperor scorpions (Spider:4)
  4 bunyips
  3 deep elf demonologists
  7 deep elf annihilators
  3 entropy weavers (Lair:5)
  A minotaur (Gauntlet)
  A spark wasp (Spider:2)
  A fire dragon (D:15)
  4 deep elf death magi
  5 eleionomae
  A deep elf high priest (Elf:3)
  A rakshasa (D:15)
  4 boulder beetles
  16 hydras
  A merfolk avatar (Lair:6)
  8 two-headed ogres
  4 alligators
  6 death scarabs (Spider:4)
  3 death yaks (Lair:6)
  A vampire mage (D:15)
  29 dancing weapons
  4 orc high priests (Orc:2)
  A spriggan berserker (Swamp:2)
  15 deep elf knights
  A thrashing horror (Abyss:3)
  A spectral emperor scorpion (Spider:4)
  A wretched star (Abyss:3)
  4 fire crabs (Lair:5)
  7 skeletal warriors
  2 spriggan druids (Swamp:3)
  A wizard (D:11)
  5 bog bodies
  A lindwurm (Swamp:4)
  A sea snake (Lair:6)
  A swamp dragon (Swamp:3)
  2 wolf spider zombies (Spider:4)
  28 deep elf zephyrmancers
  10 deep elf archers
  Pikel (D:7)
  21 deep elf pyromancers
  A harpy (Lair:6)
  3 orb spiders
  2 ugly things
  5 manticores
  2 orc sorcerers
  11 wolf spiders
  4 moths of wrath
  2 worldbinders
  9 elephants
  5 cyclopes
  A torpor snail (Lair:3)
  2 apocalypse crabs
  A gargoyle (D:11)
  A smoke demon (Abyss:2)
  3 black mambas
  Maurice (Orc:1)
  9 cane toads
  An unseen horror (shapeshifter) (D:15)
  Psyche (D:8)
  3 kobold demonologists
  6 demonic crawlers
  4 rime drakes
  A minotaur zombie (Gauntlet)
  8 komodo dragons
  An ancient zyme (Abyss:2)
  2 guardian mummies (D:13)
  7 jumping spiders
  5 trolls
  3 bloated husks
  6 meliai
  A queen bee (Lair:5)
  A merfolk (D:8)
  3 polar bears
  9 tyrant leeches
  A dream sheep (Lair:4)
  11 large abominations
  3 wind drakes (Lair:6)
  An ettin zombie (D:15)
  A deep troll zombie (D:15)
  4 blink frogs (Lair:6)
  5 raiju (Abyss:3)
  23 hornets
  A slime creature (shapeshifter) (Elf:2)
  A fire giant simulacrum (Abyss:3)
  A jumping spider zombie (Spider:4)
  A ynoxinul (Abyss:2)
  2 air elementals
  A flying skull (Abyss:3)
  5 shadows
  23 redbacks
  4 water elementals (Elf:1)
  11 wyverns
  27 yaks
  15 spriggans
  5 tarantellas
  7 wraiths
  A basilisk (D:13)
  2 fire bats (Abyss:2)
  A golden eye (shapeshifter) (Elf:2)
  A hog (D:8)
  4 steam dragons
  9 vampire mosquitoes
  A chaos spawn (Abyss:3)
  6 fire elementals
  A neqoxec (Abyss:3)
  6 swamp worms
  6 wargs
  9 water moccasins
  Duvessa (D:5)
  2 ice beasts
  10 black bears
  A hornet zombie (Spider:4)
  17 orc warriors
  A sky beast (D:5)
  5 swamp drakes
  2 spectral hornets (Spider:4)
  4 ogres
  3 necrophages
  6 wolves
  11 centaurs
  A lemure (D:7)
  A phantom (D:6)
  5 kobold brigands
  10 bullfrogs
  3 gnoll sergeants (D:8)
  A wyvern zombie (D:6)
  9 small abominations
  Dowan (D:5)
  A scorpion (D:5)
  3 earth elementals
  3 water moccasin skeletons
  25 killer bees
  3 howler monkeys
  8 wights
  11 electric eels
  3 centaur zombies
  A bullfrog zombie (D:4)
  9 starcursed masses
  35 orc priests
  4 gnoll shamans
  2 centaur skeletons
  Ijyb (D:5)
  Natasha (thrice) (D:2)
  5 iguanas
  31 orc wizards
  A hell rat (Lair:2)
  A killer bee zombie (D:7)
  2 howler monkey zombies
  2 mummies
  A howler monkey skeleton (D:4)
  2 adders
  14 gnolls
  2 shadow imps
  2 white imps
  2 ufetubi
  2 dart slugs (D:1)
  3 worms
  86 orcs
  7 ball pythons
  4 endoplasms
  2 giant cockroaches (D:2)
  7 goblins
  7 hobgoblins
  3 jackals (D:1)
  4 quokkas
  4 bats
  4 frilled lizards
  5 gnoll skeletons (Ossuary)
  25 kobolds
  7 kobold skeletons (Ossuary)
  13 orc skeletons (Ossuary)
  6 rats
1010 creatures vanquished.

Vanquished Creatures (collateral kills)
  Arachne (Spider:4)
  A deep elf master archer (Elf:3)
  An Executioner (Abyss:3)
  2 tentacled starspawn
  Donald (Swamp:1)
  A deep elf sorcerer (Elf:3)
  A ghost moth (Spider:2)
  An emperor scorpion (Spider:4)
  2 ghouls (Swamp:4)
  A cacodemon (Abyss:3)
  An angel (Abyss:3)
  2 deep elf elementalists (Elf:3)
  A deep elf demonologist (Elf:3)
  An entropy weaver (Lair:5)
  2 deep elf annihilators (Elf:3)
  A spark wasp (Spider:4)
  2 deep elf death magi (Elf:3)
  3 fire dragons (Swamp:4)
  2 eleionomae (Swamp:2)
  A shambling mangrove (Swamp:1)
  A blizzard demon (Abyss:3)
  A deep elf high priest (Elf:3)
  3 ghost crabs (Lair:5)
  13 hydras
  A centaur warrior (D:13)
  A two-headed ogre (D:11)
  2 death scarabs (Spider:4)
  A dancing weapon (Elf:2)
  5 alligators
  A thrashing horror (Abyss:3)
  An orc high priest (Orc:2)
  2 wretched stars (Abyss:3)
  A spectral emperor scorpion (Spider:4)
  A sixfirhy (Abyss:2)
  2 fire crabs
  A spriggan druid (Swamp:1)
  A spatial maelstrom (Abyss:3)
  A deep elf archer (Elf:2)
  A glowing orange brain (Abyss:3)
  A goliath frog (Swamp:1)
  3 swamp dragons
  2 bog bodies
  A deep elf zephyrmancer (Elf:1)
  5 large abominations (Abyss:3)
  12 orb spiders
  3 deep elf pyromancers
  A wolf spider zombie (Spider:4)
  An ugly thing (D:11)
  8 wolf spiders
  A moth of wrath (Spider:4)
  An elephant (Lair:6)
  A centaur zombie (D:11)
  2 torpor snails
  3 demonic crawlers
  2 spectral redbacks (Spider:4)
  A komodo dragon (Lair:2)
  2 cane toads (Lair:2)
  A rime drake (Lair:6)
  An efreet (D:15)
  A redback zombie (Spider:4)
  2 ancient zymes (Abyss:3)
  A troll (Orc:1)
  13 jumping spiders
  3 raiju (Abyss:3)
  5 slime creatures (Abyss:3)
  4 tyrant leeches (Swamp:2)
  8 hornets
  6 dream sheep (Lair:4)
  2 spectral jumping spiders (Spider:4)
  A jumping spider zombie (Spider:4)
  2 tarantella zombies (Spider:4)
  A ynoxinul (Abyss:2)
  2 flying skulls (Abyss:3)
  3 spriggans
  A water elemental (Elf:1)
  A wyvern (Lair:6)
  20 redbacks
  9 tarantellas
  A wraith (D:12)
  A yak (Lair:5)
  2 fire elementals
  A warg (Orc:2)
  5 swamp worms
  A water moccasin (Lair:6)
  2 spectral hornets (Spider:4)
  An orc warrior (Orc:1)
  5 swamp drakes (Swamp:4)
  A starcursed mass (Abyss:3)
  A phantom (D:7)
  A bullfrog (D:8)
  4 small abominations (Abyss:3)
  A jelly (D:4)
  3 orc priests
  3 orc wizards
  6 hell rats (Lair:2)
  A dart slug (D:4)
  An orc (Orc:1)
  An endoplasm (D:4)
  A giant cockroach (D:4)
248 creatures vanquished.

Vanquished Creatures (others)
  A deep elf demonologist (Elf:2)
  3 deep elf knights
  A lindwurm (Swamp:4)
  A centaur zombie (D:13)
  A bloated husk (Swamp:2)
  A centaur simulacrum (D:13)
  A steam dragon (Swamp:4)
  2 swamp drakes (Swamp:4)
  11 foxfires (Swamp:4)
  40 fungi
  121 plants
  4 starspawn tentacles
  4 withered plants (D:15)
191 creatures vanquished.

Grand Total: 1449 creatures vanquished

Notes
Turn   | Place    | Note
-------+----------+-------------------------------------------
     0 | D:1      | Shayle the Vampire Necromancer began the quest for the Orb.
     0 | D:1      | Reached XP level 1. HP: 13/13 MP: 3/3
   155 | D:1      | Reached skill level 1 in Fighting
   155 | D:1      | Reached XP level 2. HP: 20/21 MP: 3/5
   309 | D:1      | Found a faded altar of an unknown god.
   938 | D:2      | Found a sacrificial altar of Ru.
   994 | D:2      | Reached skill level 5 in Necromancy
   994 | D:2      | Gained mutation: You are afflicted with vampirism and can
                  | become a bat while bloodless. [Vampire growth]
   994 | D:2      | Reached XP level 3. HP: 24/26 MP: 2/6
   998 | D:2      | Learned a level 3 spell: Vampiric Draining
  1104 | D:2      | Noticed Natasha
  1360 | D:2      | Reached XP level 4. HP: 31/33 MP: 4/7
  1438 | D:2      | Killed Natasha
  1662 | D:2      | Noticed Natasha
  1665 | D:2      | Killed Natasha
  1674 | D:2      | Noticed Natasha
  1683 | D:2      | Killed Natasha
  1684 | D:2      | Reached XP level 5. HP: 26/40 MP: 0/8
  2080 | D:3      | Reached skill level 6 in Necromancy
  2919 | D:4      | Noticed an orc warrior
  2978 | D:4      | Found an opulent altar of Gozag.
  2982 | D:4      | Found Eresk's Antique Armour Emporium.
  3062 | D:4      | Identified 2 scrolls of acquirement
  3062 | D:4      | Acquired a +2 hat of see invisible
  3064 | D:4      | Acquired a book of Dreams
  3123 | D:4      | Found a sand-covered staircase.
  3130 | Ossuary  | Entered an ossuary
  3130 | Ossuary  | Noticed a wraith
  3130 | Ossuary  | Noticed a wraith
  3130 | Ossuary  | Noticed a wraith
  3669 | Ossuary  | Noticed a wraith
  3700 | Ossuary  | Killed a wraith
  3701 | Ossuary  | Reached XP level 6. HP: 4/47 MP: 8/10
  3872 | D:4      | Acquired the ring "Ypeafeho" {AC+4 Str+4 Dex+3}
  3925 | D:4      | Reached skill level 7 in Necromancy
  4105 | D:3      | Learned a level 5 spell: Agony
  4117 | D:4      | Killed an orc warrior
  4118 | D:4      | Reached XP level 7. HP: 24/52 MP: 4/12
  4205 | D:4      | Learned a level 4 spell: Animate Dead
  4785 | D:5      | Entered Level 5 of the Dungeon
  4812 | D:5      | Found a broken altar of Ashenzari.
  5248 | D:5      | Reached skill level 8 in Necromancy
  5612 | D:5      | Reached skill level 5 in Spellcasting
  5612 | D:5      | Reached XP level 8. HP: 36/57 MP: 15/15
  5866 | D:5      | Noticed Dowan
  5866 | D:5      | Noticed Duvessa
  5877 | D:5      | Killed Duvessa
  5878 | D:5      | Reached skill level 9 in Necromancy
  5878 | D:5      | Killed Dowan
  5930 | D:5      | Noticed Ijyb
  5934 | D:5      | Killed Ijyb
  6150 | D:5      | Reached skill level 1 in Evocations
  6354 | D:5      | Acquired the ring "Jyda" {rPois Str+6}
  6829 | D:6      | Learned a level 5 spell: Borgnjor's Vile Clutch
  6836 | D:6      | Reached XP level 9. HP: 64/64 MP: 14/18
  6898 | D:7      | Found a shimmering blue altar of Sif Muna.
  6933 | D:6      | Reached skill level 1 in Earth Magic
  7008 | D:6      | Reached skill level 10 in Necromancy
  7433 | D:6      | Found a staircase to the Ecumenical Temple.
  7442 | Temple   | Entered the Ecumenical Temple
  7510 | Temple   | Became a worshipper of Kikubaaqudgha
  8280 | D:7      | Noticed Pikel
  8298 | D:7      | Killed Pikel
  8480 | D:7      | Identified the +1 ring mail of the Past {rF+ rC+ rCorr}
  8683 | D:7      | Reached skill level 5 in Evocations
  8684 | D:7      | Reached skill level 5 in Earth Magic
  9125 | D:8      | Reached XP level 10. HP: 61/70 MP: 10/20
  9233 | D:8      | Reached * piety under Kikubaaqudgha
  9233 | D:8      | Identified Kikubaaqudgha's Disquisition on Dark Arts
                  | (Kikubaaqudgha gifted it to you on level 8 of the Dungeon)
  9233 | D:8      | Received a gift from Kikubaaqudgha
 10455 | D:8      | Noticed a two-headed ogre
 10476 | D:8      | Reached ** piety under Kikubaaqudgha
 10485 | D:8      | Killed a two-headed ogre
 10790 | D:8      | Noticed a two-headed ogre
 10799 | D:8      | Noticed a manticore
 10805 | D:8      | Killed a manticore
 10807 | D:8      | Killed a two-headed ogre
 10916 | D:8      | Reached XP level 11. HP: 63/75 MP: 16/21
 10969 | D:8      | Noticed a two-headed ogre
 10977 | D:8      | Killed a two-headed ogre
 11214 | D:8      | Found a basalt altar of Yredelemnul.
 11243 | D:8      | Noticed Psyche
 11249 | D:8      | Killed Psyche
 11719 | D:8      | Acquired the +7 kite shield of Uphalit {Fly Str+2 Int+2}
 12017 | D:8      | Noticed a two-headed ogre
 12024 | D:8      | Killed a two-headed ogre
 12881 | D:7      | Identified the +1 robe "Pimmauba" {Regen+ Int+3 SInv}
 12895 | D:7      | Reached *** piety under Kikubaaqudgha
 12895 | D:7      | Identified Kikubaaqudgha's Grimoire of Dark Magic
                  | (Kikubaaqudgha gifted it to you on level 7 of the Dungeon)
 12895 | D:7      | Received a gift from Kikubaaqudgha
 12904 | D:7      | Reached skill level 10 in Earth Magic
 13036 | D:7      | Identified the +3 mace of Wariness {holy, *Rage Str+3
                  | Stlth+}
 14158 | D:9      | Found a staircase to the Lair.
 14409 | D:9      | Identified the +0 flail "Masyin" {protect, rPois rF- rC+
                  | Will++}
 14653 | Lair:1   | Entered Level 1 of the Lair of Beasts
 15728 | Lair:2   | Noticed an eight-headed hydra
 15738 | Lair:2   | Killed an eight-headed hydra
 15739 | Lair:2   | Reached XP level 12. HP: 85/85 MP: 7/22
 15826 | Lair:2   | Reached skill level 5 in Fighting
 16080 | Lair:2   | Reached skill level 5 in Dodging
 16407 | Lair:1   | Learned a level 6 spell: Death Channel
 16622 | Lair:2   | Noticed a seven-headed hydra
 16633 | Lair:2   | Killed a seven-headed hydra
 16879 | Lair:2   | Reached **** piety under Kikubaaqudgha
 18117 | Lair:3   | Noticed a boulder beetle
 18126 | Lair:3   | Killed a boulder beetle
 18301 | Lair:3   | Noticed a six-headed hydra
 18313 | Lair:3   | Killed a six-headed hydra
 18847 | Lair:4   | Noticed a six-headed hydra
 18942 | Lair:4   | Noticed a seven-headed hydra
 18960 | Lair:4   | Killed a seven-headed hydra
 19093 | Lair:4   | Found a staircase to the Swamp.
 19161 | Lair:4   | Killed a six-headed hydra
 19384 | Lair:4   | Reached XP level 13. HP: 93/96 MP: 2/25
 19516 | Lair:4   | Found a hole to the Spider Nest.
 20729 | Lair:5   | Found a runed translucent door.
 20750 | Lair:5   | Found a viscous altar of Jiyva.
 20951 | Lair:6   | Entered Level 6 of the Lair of Beasts
 21293 | Lair:6   | Found a gate leading to a gauntlet.
 21365 | Gauntlet | Entered a Gauntlet
 21365 | Gauntlet | Found a transporter.
 21365 | Gauntlet | Found a transporter.
 21365 | Gauntlet | Found a transporter.
 21367 | Gauntlet | Found a transporter.
 21368 | Gauntlet | Found a transporter.
 21498 | Gauntlet | Found a transporter.
 21499 | Gauntlet | Found a transporter.
 21515 | Gauntlet | Found a transporter.
 21528 | Gauntlet | Found a transporter.
 21547 | Gauntlet | Found a transporter.
 21550 | Gauntlet | Found a transporter.
 21558 | Gauntlet | Found a transporter.
 21826 | Gauntlet | Reached ***** piety under Kikubaaqudgha
 21838 | Gauntlet | Identified the amulet of Soike {Faith Harm rF+ Dex+4
                  | Stlth+}
 21967 | Gauntlet | Identified the ring "Ceyppud" {Str-2 Int+6 Dex+5 Stlth+}
 21967 | Gauntlet | Noticed a minotaur
 21973 | Gauntlet | Killed a minotaur
 21979 | Gauntlet | Identified the +4 scale mail of Gozag's Supremacy {-Cast
                  | Regen+ Str+2 Dex+3}
 21979 | Gauntlet | Identified the ring of Qamuuschy {Ice rElec Str+4}
 22125 | Lair:6   | Reached skill level 10 in Spellcasting
 22233 | Lair:6   | Reached skill level 10 in Dodging
 23258 | Lair:5   | Found a staircase to the Slime Pits.
 23258 | Lair:5   | Noticed an azure jelly
 23258 | Lair:5   | Noticed an azure jelly
 23654 | Lair:5   | Found a runed translucent door.
 24176 | Lair:5   | Noticed an entropy weaver
 24185 | Lair:5   | Killed an entropy weaver
 24186 | Lair:5   | Reached XP level 14. HP: 93/108 MP: 3/28
 24879 | Lair:5   | Reached skill level 10 in Fighting
 26094 | Swamp:1  | Entered Level 1 of the Swamp
 26325 | D:10     | Entered Level 10 of the Dungeon
 26490 | D:10     | Identified the +0 robe of Tulips {rC+}
 27427 | D:11     | Found a staircase to the Orcish Mines.
 28335 | D:11     | Reached skill level 1 in Shields
 28981 | D:11     | Reached skill level 5 in Shields
 29141 | D:11     | Found the +4 robe of Augmentation {Str+4 Int+4 Dex+4}
 29147 | D:11     | Identified the Catalogue of Toxins and Enchantment
 29152 | D:11     | Identified the +9 long sword "Bumuarph" {flame, rPois rF+
                  | Dex+7}
 29784 | D:12     | Learned a level 6 spell: Simulacrum
 29943 | Orc:1    | Entered Level 1 of the Orcish Mines
 30401 | Orc:1    | Noticed Maurice
 30406 | Orc:1    | Killed Maurice
 30634 | Orc:2    | Entered Level 2 of the Orcish Mines
 30938 | Orc:2    | Reached ****** piety under Kikubaaqudgha
 30952 | Orc:2    | Received a gift from Kikubaaqudgha
 31680 | Orc:2    | Reached XP level 15. HP: 117/117 MP: 2/30
 31885 | Orc:2    | Found a staircase to the Elven Halls.
 32485 | Orc:2    | Found Sibir's Book Boutique.
 32485 | Orc:2    | Found Riuwnez's General Store.
 32491 | Orc:2    | Bought a potion of curing for 39 gold pieces
 32491 | Orc:2    | Bought 2 potions of heal wounds for 130 gold pieces
 32736 | Orc:2    | Found Bocsanwi's Weapon Boutique.
 32736 | Orc:2    | Found Kyseff's Weapon Shoppe.
 33542 | D:12     | Found a runed translucent door.
 33543 | D:12     | Noticed robertstho's ghost (journeyman DjFE)
 34128 | D:13     | Noticed Jorgrun
 34412 | D:13     | Found Waal's Assorted Antiques.
 34708 | D:13     | You fall into a shaft and drop 2 floors!
 34708 | D:15     | Entered Level 15 of the Dungeon
 34728 | D:15     | Found a staircase to the Depths.
 35488 | D:15     | Found Bahib's Distillery.
 35494 | D:15     | Bought a potion of curing for 48 gold pieces
 35494 | D:15     | Bought a potion of curing for 48 gold pieces
 35494 | D:15     | Bought a potion of heal wounds for 80 gold pieces
 35646 | D:13     | Noticed Azrael
 35667 | D:13     | Reached skill level 10 in Shields
 35857 | Spider:1 | Entered Level 1 of the Spider Nest
 37278 | Spider:2 | Reached skill level 1 in Ice Magic
 37299 | Spider:2 | Noticed a ghost moth
 37317 | Spider:2 | Killed a ghost moth
 39560 | Spider:4 | Entered Level 4 of the Spider Nest
 39571 | Spider:4 | Reached skill level 11 in Necromancy
 39605 | Spider:4 | Noticed Arachne
 39610 | Spider:4 | Killed Arachne
 39798 | Spider:4 | Reached XP level 16. HP: 113/123 MP: 5/31
 39840 | Spider:4 | Reached skill level 5 in Ice Magic
 40556 | Spider:4 | Reached skill level 12 in Necromancy
 41564 | Spider:4 | Got a gossamer rune of Zot
 42239 | Swamp:1  | Noticed Ateukk's ghost (adept MiGl)
 42241 | Swamp:1  | Noticed Donald
 42386 | Swamp:1  | Acquired a +4 quick blade
 42543 | Swamp:1  | Killed Donald
 42707 | Swamp:1  | Found a transporter.
 42714 | Swamp:1  | Found a bloodstained altar of Trog.
 42733 | Swamp:1  | Found a transporter.
 42739 | Swamp:1  | Reached skill level 13 in Necromancy
 44744 | Swamp:2  | Reached skill level 14 in Necromancy
 45294 | Swamp:3  | Reached XP level 17. HP: 129/129 MP: 13/32
 45509 | Swamp:3  | Reached skill level 10 in Ice Magic
 46282 | Swamp:4  | Entered Level 4 of the Swamp
 47302 | Swamp:4  | Got a decaying rune of Zot
 47786 | Elf:1    | Entered Level 1 of the Elven Halls
 48468 | Elf:1    | Learned a level 8 spell: Infestation
 50521 | Elf:2    | Found Esynwol's Magic Scroll Boutique.
 50656 | Elf:2    | Cast into level 2 of the Abyss (+0 battleaxe of distortion)
 50741 | Abyss:3  | Reached XP level 18. HP: 138/138 MP: 33/35
 50956 | Abyss:3  | Gained mutation: Armour fits poorly on your strangely
                  | shaped body. [a neqoxec]
 50959 | Abyss:3  | Paralysed by accursed screaming for 1 turns
 51023 | Elf:2    | Escaped the Abyss
 51273 | Elf:2    | Found a runed translucent gate.
 51273 | Elf:2    | Found a runed translucent gate.
 51273 | Elf:2    | Found a runed translucent gate.
 51926 | Elf:2    | Reached skill level 15 in Necromancy
 53015 | Elf:3    | Entered Level 3 of the Elven Halls
 53260 | Elf:3    | Found Peaxkaan's Antique Weapon Shop.
 53409 | Elf:3    | Found Zixekh's General Store.
 53417 | Elf:3    | Bought a potion of heal wounds for 80 gold pieces
 53417 | Elf:3    | Bought a scroll of teleportation for 48 gold pieces
 53417 | Elf:3    | Bought a scroll of teleportation for 48 gold pieces
 53417 | Elf:3    | Bought a scroll of fear for 56 gold pieces
 53617 | Elf:3    | Noticed Bai Suzhen
 53930 | Elf:3    | Reached skill level 16 in Necromancy
 54046 | Elf:3    | Noticed a Tzitzimitl
 54248 | Elf:3    | Identified the +11 quarterstaff "Duhuod" {venom, Fly}
 54672 | Elf:3    | Reached XP level 19. HP: 106/151 MP: 25/36
 54676 | Elf:3    | Identified the +11 glaive "Secaafess" {vorpal, rPois Str+2
                  | Dex+3}
 54686 | Elf:3    | Cast into level 2 of the Abyss (a deep elf sorcerer)
 55141 | Abyss:3  | Gained mutation: You are robust. (+10% HP) [a cacodemon]
 55183 | Abyss:3  | Slain by a large slime creature

Illustrated notes

Levels and vault maps discovered:
D:1:      eino_arrival_water_cross, layout_loops_cross, basic_ecumenical_altar
D:2:      minmay_door_path, layout_basic, basic_altar, st_stairs_7,
          minmay_tetromino_t4, uniq_natasha
D:3:      layout_basic, serial_corexii_hall, corexii_hall_statues_i,
          corexii_hall_statues_i, corexii_leaking_fountain, dk_noncrumbling_3,
          st_stairs_3
D:4:      layout_cave_pools, lemuel_round_altar, nicolae_overflow_hidden_temple,
          enter_ossuary_3, serial_shops, nicolae_shop_trees,
          kennysheep_cross_room, minmay_increasing_density
D:5:      minmay_bubble_buster, layout_loops_ring, nicolae_ashenzari_panopticon,
          st_stairs_8, uniq_duvessa, uniq_ijyb
D:6:      layout_cave_pools, lemuel_temple_firewalk_b
D:7:      layout_layer_cave, overflow_temple_1_default, chequers_mini_garden,
          minmay_fractal_squares_gapless_5, uniq_pikel
D:8:      kennysheep_town, uniq_psyche
D:9:      layout_irregular_city, lair_entry_dummy
D:10:     layout_gridville, nicolae_straight_to_the_point
D:11:     minmay_the_grid_octo_tiled_squarecenter [minmay_the_grid_octo_clover,
          minmay_the_grid_octo_odd_swirl, minmay_the_grid_octo_thin_diamonds,
          minmay_the_grid_octo_concentric,
          minmay_the_grid_square_5x5_megaprize_diamond,
          minmay_the_grid_square_5x5_mess, minmay_the_grid_square_5x5_trominoes,
          minmay_the_grid_square_5x5_tetrominoes,
          minmay_the_grid_square_5x5_three_walls], layout_loops_ring,
          serial_co_window_serial, co_window_paths_b,
          co_window_of_opportunity_a, co_window_corner_a, co_window_paths_a,
          co_window_of_opportunity_a, co_window_paths_a,
          co_window_of_opportunity_a, co_window_unsneaky_path_c,
          co_window_2corner, co_window_unsneaky_path_a,
          co_window_of_opportunity_c, co_window_of_opportunity_b,
          co_window_paths_e, glass_columns_b, glass_columns_b, glass_columns_a,
          glass_columns_a
D:12:     layout_cross, ebering_ghost_reflecting_pool
D:13:     layout_roguey, serial_undead, serial_undead_e, serial_undead_b,
          serial_undead_d, serial_undead_c, serial_shops, shop, ice2_lemuel,
          uniq_jorgrun, uniq_azrael
D:14:     layout_stronghold, david_vaults_1, kennysheep_crisscross, minivault_4
D:15:     gammafunk_depths_entry_grave, layout_basic, serial_shops, shop,
          small_statue_alley_a, hex_tiny
Temple:   compressed_dpeg_circular_temple
Lair:1:   layout_regular_city, infiniplex_staircase_pool_2
Lair:2:   layout_chaotic_city, chequers_serial_rivers_micro_c,
          grunt_megastairs_2
Lair:3:   layout_small_grid, serial_bayou_shore_a, grunt_megastairs_5,
          infiniplex_staircase_pool
Lair:4:   layout_regular_city, skrybe_swamp_entry_bodies,
          spider_nest_entry_web_field, minivault_11, minivault_24,
          hibernation_bobbens
Lair:5:   gammafunk_mikee_crab_dinner, layout_small_grid, slime_altar_2,
          special_room [special_room_bee]
Lair:6:   gammafunk_lair_ancient_temple, layout_regular_city,
          gauntlet_entry_generic
Swamp:1:  layout_falls_marsh, gammafunk_ghost_wrathful_warriors,
          evilmike_swamp_ruin_house_5, swamp_pool1, uniq_donald
Swamp:2:  layout_falls_marsh, evilmike_swamp_ruin_rubble_1
Swamp:3:  layout_basic_swamp, nicolae_swamp_tree_isthmus
Swamp:4:  swamp_fiery, layout_basic_swamp
Spider:1: layout_spider_delve
Spider:2: layout_spider_delve, nicolae_spider_moth_buddies
Spider:3: layout_chambers
Spider:4: floodkiller_spider_rune_tomb, special_room, uniq_arachne
Orc:1:    layout_caves, nicolae_orc_stony_grotto, nicolae_orc_flooded_monolith,
          statue_in_the_mist_lemuel, uniq_maurice
Orc:2:    st_orc_town, layout_caves
Elf:1:    elf_arrival_001, layout_geoelf_grid, evilmike_minifort
Elf:2:    layout_geoelf_grid, serial_shops, shop_fountains,
          lemuel_flamethrower_3
Elf:3:    minmay_elf_hall, layout_onion_city, serial_shops, shop, shop,
          uniq_bai_suzhen
Abyss:3:  base: D:14, base: Lair:4, evilmike_abyss_exit_2,
          evilmike_abyss_exit_2, serial_sigils_hangedman_gut,
          eino_small_chamber_without_monster,
          evilmike_nicolae_abyss_rune_containment_curve,
          evilmike_abyss_exit_mutagenic, doesnt_abyss_rune_brain_food, base:
          Temple, hangedman_abyss_rune_macabre_mess, evilmike_abyss_exit_6

Skill      XL: |  1  2  3  4  5  6  7  8  9 10 11 12 13 14 15 16 17 18 19 |
---------------+----------------------------------------------------------+-----
Fighting       | 1 2 3 4 7 9 10 11 13 14 | 14.1
Necromancy     | 5 6 7 8 9 10 11 14 16 | 16.8
Spellcasting   | 3 5 6 8 10 11 13 | 13.6
Evocations     | 2 5 8 9 |  9.6
Earth Magic    | 5 8 10 11 | 11.9
Dodging        | 4 8 10 11 | 11.7
Shields        | 7 11 | 11.1
Ice Magic      | 4 9 10 | 10.0
Stealth        | |  3.0

Action                   |  1- 3 |  4- 6 |  7- 9 | 10-12 | 13-15 | 16-18 | 19-21 || total
-------------------------+-------+-------+-------+-------+-------+-------+-------++-------
Melee: Mace              |    33 |   180 |   197 |       |       |       |       ||   410
       Bite              |     4 |    15 |    34 |    27 |   101 |   124 |    26 ||   331
       Scimitar          |       |       |    38 |   167 |   176 |       |       ||   381
       War axe           |       |       |       |       |    86 |       |       ||    86
       Staff             |       |       |       |       |   121 |       |       ||   121
       Long sword        |       |       |       |       |    51 |   433 |    80 ||   564
       Flail             |       |       |       |       |       |     9 |       ||     9
 Cast: Pain              |    51 |    19 |     1 |       |       |       |       ||    71
       Vampiric Draining |     1 |     8 |    66 |    11 |    11 |     3 |       ||   100
       Animate Dead      |       |       |     9 |    27 |    79 |    52 |     2 ||   169
       Agony             |       |       |    11 |     1 |       |       |       ||    12
       Borgnjor's Vile C |       |       |       |   140 |   331 |   303 |    16 ||   790
       Death Channel     |       |       |       |       |    18 |    28 |       ||    46
       Simulacrum        |       |       |       |       |       |    23 |     5 ||    28
       Infestation       |       |       |       |       |       |     3 |       ||     3
Invok: Receive Corpses   |       |       |       |     1 |    11 |    23 |     3 ||    38
       Receive Necronomi |       |       |       |       |     1 |       |       ||     1
       Torment           |       |       |       |       |       |     1 |       ||     1
Evoke: Wand              |       |     6 |    18 |    29 |    29 |    23 |     3 ||   108
       Phial of floods   |       |       |       |       |     2 |       |       ||     2
       Piece from Xom's  |       |       |       |       |       |     1 |     1 ||     2
  Use: Scroll            |       |    14 |     7 |     8 |    19 |    21 |     1 ||    70
       Potion            |       |     2 |       |       |     5 |    13 |     6 ||    26
 Stab: Sleeping          |     2 |     2 |     1 |     1 |     4 |     1 |       ||    11
       Distracted        |       |       |       |       |     5 |     9 |     1 ||    15
       Paralysed         |       |       |       |       |    12 |       |       ||    12
       Held in net/web   |       |       |       |       |       |     1 |       ||     1
Armor: Robe              |    16 |    55 |    50 |       |   124 |   251 |    15 ||   511
       Leather armour    |       |       |   116 |   120 |   178 |       |       ||   414
Dodge: Dodged            |    37 |   122 |   270 |   173 |   672 |   774 |   113 ||  2161
Block: Buckler           |       |       |       |    40 |   221 |   385 |    56 ||   702
       Rpst.: Scimitar   |       |       |    18 |    42 |    68 |       |       ||   128
       Long sword        |       |       |       |       |    22 |   152 |    24 ||   198

Table legend: (Time is in decaauts)
 A = Elapsed time spent in this place.
 B = Non-inter-level travel time spent in this place.
 C = Inter-level travel time spent in this place.
 D = Time resting spent in this place.
 E = Time spent auto-exploring this place.
 F = Levels seen in this place.
 G = Mean time per level.
                   A        B        C        D        E       F      G
               +--------+--------+--------+--------+--------+-----+--------+
         Total |  56589 |  54166 |   2423 |  18079 |  19943 |  41 | 1380.2 |
       Dungeon |  20361 |  19509 |    852 |   5611 |   8417 |  15 | 1357.4 |
        Temple |    110 |     68 |     42 |      0 |     62 |   1 |  110.0 |
          Lair |  11299 |  10451 |    848 |   4003 |   4160 |   6 | 1883.2 |
         Swamp |   5992 |   5757 |    235 |   1939 |   2154 |   4 | 1498.0 |
   Spider Nest |   6194 |   6038 |    156 |   2051 |   2097 |   4 | 1548.5 |
  Orcish Mines |   3557 |   3474 |     83 |   1117 |   1222 |   2 | 1778.5 |
   Elven Halls |   6601 |   6396 |    205 |   2609 |   1793 |   3 | 2200.3 |
         Abyss |    941 |    941 |      0 |    196 |     35 |   4 |  235.2 |
       Ossuary |    772 |    772 |      0 |    220 |      0 |   1 |  772.0 |
      Gauntlet |    757 |    757 |      0 |    332 |      0 |   1 |  757.0 |
               +--------+--------+--------+--------+--------+-----+--------+

Top non-repeatable levels by time:
     D:8: 3985 daAuts
  Lair:5: 3037 daAuts
   Elf:1: 2794 daAuts
    D:11: 2628 daAuts
Spider:4: 2421 daAuts
   Orc:2: 2260 daAuts
   Elf:2: 2123 daAuts
     D:5: 2030 daAuts
     D:7: 1943 daAuts
 Swamp:1: 1930 daAuts
  Lair:4: 1763 daAuts
  Lair:2: 1728 daAuts
   Elf:3: 1683 daAuts
  Lair:6: 1673 daAuts
  Lair:3: 1654 daAuts
